 Dungeon Crawl Stone Soup version 0.32-a0-876-gcfddb08e57 (webtiles) character file.

Game seed: 1625938042080311381

163 HoaS the Insei (level 5, -3/13 HPs)
             Began as a Demigod Shapeshifter on Mar 31, 2024.
             Killed from afar by an orc wizard (4 damage)
             ... with a puff of flame
             ... on level 3 of the Dungeon.
             The game lasted 00:12:54 (2905 turns).

HoaS the Insei (Demigod Shapeshifter)               Turns: 2905, Time: 00:12:54

Health: -3/13      AC:  3    Str: 15    XL:     5   Next: 0%
Magic:  7/7        EV: 12    Int: 12    God:
Gold:   194        SH:  0    Dex: 17    Spells: 4/4 levels left

rFire   . .          .
                       - Unarmed
rCold   . . .        (no shield)
rNeg    . . .        f - melded +0 leather armour
rPois   .            i - +1 helmet
rElec   .            (no cloak)
rCorr   .            j - +0 pair of gloves
SInv    .            (no boots)
Will    .....        (no amulet)
Stlth   ++           (no ring)
HPRegen 0.22/turn    (no ring)
MPRegen 0.10/turn

%: no passive effects
@: maw-form
A: devouring maw, reduced hp, high MP 1, forlorn, divine attributes
a: Begin Untransformation


You were on level 3 of the Dungeon.
You were a creature with a mouth for a stomach.
You visited 1 branch of the dungeon, and saw 3 of its levels.

You collected 194 gold pieces.

Inventory:

Armour
 a - a +0 buckler
 f - a +0 leather armour (melded)
 i - a +1 helmet (worn)
 j - a +0 pair of gloves (worn)
 m - a +0 ring mail
Talismans
 c - a beast talisman
 d - a flux talisman
 k - a maw talisman (active)
Potions
 b - 2 potions of lignification
 e - 2 potions of attraction
 g - a potion of degeneration {unknown}
 h - a potion of might
 l - a potion of resistance {unknown}
 o - 2 potions of ambrosia {unknown}


   Skills:
 + Level 2.1 Fighting
 + Level 2.7 Dodging
 * Level 4.0 Unarmed Combat
 + Level 3.2 Shapeshifting


You had 4 spell levels left.
You didn't know any spells.
Your spell library contained the following spells:

 Spells                   Type           Power      Damage    Failure   Level
 Vhi's Electric Charge    Tloc/Air       0%         N/A       97%         4
 Arcjolt                  Conj/Air       0%         1d10      100%        5
 Plasma Beam              Fire/Air       0%         2x1d10    100%        6


Dungeon Overview and Level Annotations

Branches:
Dungeon (3/15)


Innate Abilities, Weirdness & Mutations

You are a creature with a mouth for a stomach.
Your midsection houses a second, enormous mouth.
Your maximum health is decreased, since you lack skill for your form.
You have an increased reservoir of magic. (+10% MP)
You shall have no god before yourself.
Your divine heritage dramatically boosts your attributes as you level up.


Message History

Found 14 gold pieces.
An orc comes into view. It is wielding a +0 club.
An orc wizard comes into view. It is wielding a +0 dagger.
The orc wizard shouts!
The orc shouts! x2
The orc shouts!
You barely miss the orc. Your bite misses the orc. The orc closely misses you.
You punch the orc!
The orc is almost dead.
The orc hits you with a +0 dagger.
You closely miss the orc. Your bite misses the orc.
The orc is severely wounded.
The orc barely misses you.
You hit the orc.
You devour the orc!
You feel better.
You kill the orc!
You punch the orc!
You devour the orc!
You feel better.
You kill the orc!
You have reached level 5!
The orc wizard hits you with a +0 dagger.
Things that are here:
a +0 club; a +0 leather armour; a +0 dagger You barely miss the orc wizard.
The orc wizard gestures at you while chanting.
The puff of flame hits you!
Ouch! That really hurt!
* * * LOW HITPOINT WARNING * * *
You are too injured to fight recklessly!
You are too injured to fight recklessly!
You are too injured to fight recklessly!
You are too injured to fight recklessly!
You barely miss the orc wizard. You bite the orc wizard.
The orc wizard is lightly wounded.
The orc wizard mumbles some strange words.
The orc wizard flickers and vanishes!
Deactivating autopickup; reactivate with Ctrl-A.
You punch something! Your bite misses something.
You hear some strange, mumbled words.
A puff of flame appears from out of thin air!
The puff of flame hits you.
You die...

# ############ #
###########.{o.......#
#
#.........#W####...#$#
# #.#######.#.# ..o..#
# #.###.......#
...#..o #
#.........### #.## ##
# #####.###### .# ###
#......# .# ..#
#.####.# '# #.#
######..### #####
#.###...##....###...##


You could see an orc.

Vanquished Creatures
  A howler monkey (D:3)
  A gnoll (D:2)
  3 adders
  4 ribbon worms
  2 dart slugs
  4 orcs (D:3)
  9 endoplasms
  5 giant cockroaches
  4 hobgoblins
  2 jackals (D:1)
  A quokka (D:1)
  6 ball pythons
  3 bats
  3 frilled lizards
  8 goblins
  7 kobolds
  2 rats
65 creatures vanquished.

Notes
Turn   | Place    | Note
-------+----------+-------------------------------------------
     0 | D:1      | HoaS the Demigod Shapeshifter began the quest for the Orb.
     0 | D:1      | Reached XP level 1. HP: 15/15 MP: 3/3
    87 | D:1      | Reached skill level 1 in Fighting
   255 | D:1      | Reached XP level 2. HP: 9/23 MP: 4/4
   256 | D:1      | Reached skill level 3 in Unarmed Combat
  1212 | D:2      | Reached XP level 3. HP: 25/28 MP: 5/5
  1916 | D:2      | Reached XP level 4. HP: 29/36 MP: 6/6
  2788 | D:3      | Reached skill level 4 in Unarmed Combat
  2902 | D:3      | Reached XP level 5. HP: 13/41 MP: 7/7
  2905 | D:3      | Killed from afar by an orc wizard

Illustrated notes

Levels and vault maps discovered:
D:1:      mushboom_english_gardens, layout_loops_corners
D:2:      minmay_general_purpose_star, layout_loops_corners
D:3:      kennysheep_six_static_rooms, layout_loops_corners,
          kennysheep_minor_cross

Skill      XL: |  1  2  3  4 |
---------------+-------------+-----
Fighting       | 1 2 |  2.1
Dodging        | 2 |  2.7
Unarmed Combat | 3 4 |  4.0
Shapeshifting  | 3 |  3.2

Action                     |  1- 3 |  4- 6 || total
---------------------------+-------+-------++-------
  Melee: Unarmed           |   144 |    69 ||   213
         Punch             |     4 |     2 ||     6
         Maw               |       |    20 ||    20
Ability: Begin Untransform |       |     1 ||     1
    Use: Scroll            |     1 |     6 ||     7
   Stab: Sleeping          |     2 |     2 ||     4
 Armour: Animal skin       |    65 |     2 ||    67
         Skin              |       |    26 ||    26
  Dodge: Dodged            |    70 |    32 ||   102
   Form: Beast             |       |     1 ||     1
         Maw               |       |     1 ||     1

Table legend: (Time is in decaauts)
 A = Elapsed time spent in this place.
 B = Non-inter-level travel time spent in this place.
 C = Inter-level travel time spent in this place.
 D = Time resting spent in this place.
 E = Time spent auto-exploring this place.
 F = Levels seen in this place.
 G = Mean time per level.
                   A        B        C        D        E       F      G
               +--------+--------+--------+--------+--------+-----+--------+
         Total |   2892 |   2797 |     95 |    263 |   1968 |   3 |  964.0 |
       Dungeon |   2892 |   2797 |     95 |    263 |   1968 |   3 |  964.0 |
               +--------+--------+--------+--------+--------+-----+--------+

Top non-repeatable levels by time:
     D:2: 1165 daAuts
     D:1: 1123 daAuts
     D:3: 604 daAuts
